AoeStats
← Proplyir88

Arabia

507933038Analyzed
1v1 RM · 11d ago on Sep 20, 2026· 87m 30s· 2 players
Game mode
Random Map
Map size
Tiny (2 player)
Population
200
Speed
Normal
Resources
Standard
Victory
Conquest
Starting age
Dark Age
Ending age
Imperial Age
RankedLock teamsTeams togetherTeam positionsShared explorationLock speedFull tech treeHidden civsTurbo modeCheats
Victory
Defeat
🇸🇰 Britons · Slovakia
776
+15
🇭🇺 Mongols · Hungary
762
-23
Proplyir88
6:58 Loom
10:01 Feudal Age
11:43 Double-Bit Axe
15:27 Horse Collar
18:14 Castle Age
17:43 Forging
17:47 Bloodlines
18:33 Light Cavalry
19:22 Scale Barding Armor
23:22 Iron Casting
27:50 Stone Mining
30:00 Chain Barding Armor
30:19 Heavy Plow
30:18 Fletching
31:58 Bodkin Arrow
32:04 Padded Archer Armor
32:14 Husbandry
33:03 Bow Saw
34:51 Wheelbarrow
38:01 Imperial Age
37:09 Ballistics
38:14 Leather Archer Armor
40:15 Blast Furnace
41:44 Hand Cart
41:33 Bracer
44:53 Stone Shaft Mining
44:09 Gold Mining
43:45 Hussar
44:38 Elite Mangudai
49:15 Cavalier
52:05 Conscription
Lumian4843
6:49 Loom
10:04 Feudal Age
10:49 Double-Bit Axe
13:15 Horse Collar
16:23 Gold Mining
18:17 Wheelbarrow
21:34 Castle Age
20:02 Fletching
20:10 Stone Mining
23:27 Bow Saw
22:41 Crossbowman
23:32 Heavy Plow
25:45 Gold Shaft Mining
26:54 Pikeman
27:35 Squires
28:01 Bodkin Arrow
29:53 Padded Archer Armor
31:03 Leather Archer Armor
31:35 Ballistics
32:22 Hand Cart
33:52 Forging
33:45 Scale Mail Armor
36:55 Imperial Age
35:16 Town Watch
36:13 Iron Casting
35:56 Chain Mail Armor
35:57 Elite Skirmisher
37:30 Yeomen
37:25 Arbalester
40:51 Conscription
42:27 Chemistry
45:11 Bracer
45:42 Ring Archer Armor
68:53 Warwolf
84:47 Halberdier
Connection lost

Rejoining the realm…

Still unreachable

The connection could not be restored.

Session expired

The server has moved on; the page needs a fresh start.